AoeStats
← Fede_II

Lombardia

507793758Analyzed
2v2 RM · 12d ago on Sep 19, 2026· 47m 41s· 4 players
Game mode
Random Map
Map size
Medium (4 player)
Population
200
Speed
Normal
Resources
Standard
Victory
Conquest
Starting age
Dark Age
Ending age
Imperial Age
RankedLock teamsTeams togetherTeam positionsShared explorationLock speedFull tech treeHidden civsTurbo modeCheats
Victory
Defeat
🇺🇸 Maya · United States
1083
+16
🇺🇸 Sicilians · United States
1011
+19
🇨🇭 Tatars · Switzerland
1087
-18
🇺🇸 Vikings · United States
1063
-17
Fede_II
7:22 Loom
11:50 Feudal Age
12:35 Double-Bit Axe
14:15 Horse Collar
17:40 Castle Age
17:16 Bloodlines
18:10 Fletching
18:21 Padded Archer Armor
18:58 Scale Barding Armor
19:58 Town Watch
26:02 Gold Mining
32:07 Bodkin Arrow
35:37 Imperial Age
32:40 Elite Skirmisher
34:58 Chain Barding Armor
34:49 Forging
35:58 Cavalier
37:47 Bow Saw
39:13 Iron Casting
39:38 Caravan
41:56 Conscription
44:11 Heavy Camel Rider
46:12 Light Cavalry
Noisemaker64
4:51 Loom
11:34 Feudal Age
20:16 Castle Age
25:01 Squires
26:05 Horse Collar
28:10 Chieftains
34:45 Imperial Age
38:07 Forging
37:58 Scale Mail Armor
39:18 Conscription
39:40 Iron Casting
38:30 Capped Ram
40:13 Chain Mail Armor
40:51 Elite Berserk
42:14 Plate Mail Armor
41:35 Arson
44:21 Pikeman
46:06 Blast Furnace
EasyStreet
6:38 Loom
9:13 Feudal Age
10:55 Double-Bit Axe
13:27 Wheelbarrow
14:39 Gold Mining
14:34 Horse Collar
20:43 Castle Age
18:58 Stone Mining
22:28 Bow Saw
23:15 Gold Shaft Mining
22:49 Scale Barding Armor
22:54 Forging
25:19 Chain Barding Armor
25:34 Iron Casting
25:03 Husbandry
25:15 Bloodlines
27:19 Gold Shaft Mining
30:00 Heavy Plow
37:00 Imperial Age
36:01 Masonry
36:37 Hand Cart
37:50 Hauberk
38:06 Conscription
38:54 Blast Furnace
38:45 Plate Barding Armor
38:11 Cavalier
46:54 Light Cavalry
AstroBoy1741
0:31 Loom
10:31 Feudal Age
11:04 Double-Bit Axe
19:44 Castle Age
19:18 Fletching
20:42 Bodkin Arrow
21:39 Stone Mining
21:16 Crossbowman
21:24 Elite Skirmisher
22:22 Bow Saw
22:55 Squires
25:35 Ballistics
26:33 Padded Archer Armor
29:04 Wheelbarrow
37:50 Imperial Age
36:03 Scale Mail Armor
36:13 Forging
36:30 Hand Cart
36:18 Town Watch
36:10 Eagle Warrior
37:11 Squires
37:00 Arson
37:20 Gold Mining
39:01 Conscription
38:34 Elite Eagle Warrior
39:45 Chain Mail Armor
41:35 Arbalester
42:54 Plate Mail Armor
43:13 Block Printing
44:13 Holcans
45:45 Thumb Ring
45:42 Bracer
46:45 Chemistry
Connection lost

Rejoining the realm…

Still unreachable

The connection could not be restored.

Session expired

The server has moved on; the page needs a fresh start.